AoeStats
← farmer4510

Arabia

510664647Analyzed
1v1 RM · 23h ago on Oct 2, 2026· 30m 11s· 2 players
Game mode
Random Map
Map size
Tiny (2 player)
Population
200
Speed
Normal
Resources
Standard
Victory
Conquest
Starting age
Dark Age
Ending age
Imperial Age
RankedLock teamsTeams togetherTeam positionsShared explorationLock speedFull tech treeHidden civsTurbo modeCheats
Victory
Defeat
🇺🇸 Huns · United States
1022
+16
🇺🇸 Persians · United States
1012
-16
Jawsh
6:53 Loom
16:05 Feudal Age
16:39 Double-Bit Axe
19:42 Horse Collar
farmer4510
4:29 Loom
21:03 Feudal Age
23:39 Bloodlines
23:47 Forging
23:43 Scale Barding Armor
31:21 Castle Age
Connection lost

Rejoining the realm…

Still unreachable

The connection could not be restored.

Session expired

The server has moved on; the page needs a fresh start.